 Dungeon Crawl Stone Soup version 0.19-a0-36-g4a0968a (webtiles) character file.

14 M4edhros the Charlatan (level 2, 0/18 HPs)
             Began as an Octopode Artificer on May 4, 2016.
             Slain by a giant gecko (4 damage)
             ... on level 1 of the Dungeon.
             The game lasted 00:00:24 (805 turns).

M4edhros the Charlatan (Octopode Artificer)          Turns: 805, Time: 00:00:24

Health: 0/18       AC:  1    Str: 10    XL:     2   Next: 41%
Magic:  4/4        EV: 12    Int: 14    God:
Gold:   11         SH:  0    Dex: 12    Spells: 0 memorised, 1 level left

rFire  . . .     SeeInvis .     a - +0 short sword
rCold  . . .     Gourm    .     (no shield)
rNeg   . . .     Faith    .     (helmet restricted)
rPois  .         Spirit   .     (no amulet)
rElec  .         Dismiss  .     (no ring)
rCorr  .         Reflect  .     (no ring)
SustAt .         Harm     .     (no ring)
MR     .....                    (no ring)
Stlth  +++.......               (no ring)
                                (no ring)
                                (no ring)
                                (no ring)

@: not resistant to hostile enchantments, fairly stealthy
A: almost no armour, amphibious, 8 rings, constrict 8, camouflage 1, gelatinous
body 1
a: no special abilities


You were on level 1 of the Dungeon.
You were not hungry.

You visited 1 branch of the dungeon, and saw 1 of its levels.

You collected 11 gold pieces.

Inventory:

Hand Weapons
 a - a +0 short sword (weapon)
Wands
 b - a wand of flame (15/48)
 c - a wand of enslavement (15/24)
 d - a wand of random effects (15/48)
Scrolls
 e - a scroll of blinking {unknown}
 h - 2 scrolls of fear {unknown}
Potions
 i - a potion of heal wounds {unknown}
Comestibles
 f - a bread ration
 g - a beef jerky


   Skills:
 - Level 1.0 Fighting
 - Level 1.7 Short Blades
 - Level 2.0 Dodging
 + Level 2.6 Stealth
 - Level 3.2 Evocations


You had one spell level left.
You didn't know any spells.

Dungeon Overview and Level Annotations

Branches:
Dungeon (1/15)

Altars:


Innate Abilities, Weirdness & Mutations

You cannot wear most types of armour.
You are amphibious.
You can wear up to eight rings at the same time.
You can use your tentacles to constrict eight enemies at once.
Your skin changes colour to match your surroundings (Stealth).
Your rubbery body absorbs attacks (AC +1).


Message History

You kill the goblin!
The giant gecko closely misses you. The giant newt bites you.
A giant newt comes into view.
You closely miss the goblin. You grab the goblin. You constrict the goblin.
The giant gecko closely misses you. The giant newt barely misses you.
The goblin hits you with a dagger. The giant gecko barely misses you.
You are too injured to fight recklessly!
You release your grip on the goblin.
You closely miss the giant newt. Your grab misses the giant newt.
You squeeze the giant newt.
You kill the giant newt!
You closely miss the goblin. Your grab misses the goblin.
The goblin is moderately wounded.
You barely miss the giant gecko. Your grab misses the giant gecko.
The giant gecko bites you. The goblin hits you with a dagger.
* * * LOW HITPOINT WARNING * * *
You miss the giant gecko. You grab the giant gecko.
You constrict the giant gecko. The giant gecko closely misses you.
The goblin completely misses you. The giant gecko bites you.
You die...

##...####### #.
##.....## # #.
##.......## ##. #. .
####..)......####...#.
..
...+.........+........
..
............####...#.
##.###........##
##.##. ....##......##
## #. #..#@....## ..
#llg##+## .# #..#.# #.
....##.# #. ##.## ..#
.. .## .# ##


You could see a giant gecko, a goblin and a giant newt.

Vanquished Creatures
  An ooze (D:1)
  3 goblins (D:1)
  2 hobgoblins (D:1)
  2 giant newts (D:1)
  2 kobolds (D:1)
10 creatures vanquished.

Notes
Turn   | Place    | Note
--------------------------------------------------------------
     0 | D:1      | M4edhros the Octopode Artificer began the quest for the Orb.
     0 | D:1      | Reached XP level 1. HP: 13/13 MP: 3/3
   287 | D:1      | Reached XP level 2. HP: 3/18 MP: 4/4
   805 | D:1      | Slain by a giant gecko

Vault maps used:
D:1:      nagdon_arrival_zigzag_paths, minmay_box_of_dots

Skill      XL: |  1  2 |
---------------+-------+-----
Stealth        | 2 |  2.6
Fighting       | |  1.0
Short Blades   | |  1.7
Dodging        | |  2.0
Evocations     | |  3.2

Action                   || total
-------------------------++-------
Melee: Short sword       ||    28
       Tentacles         ||     4
       Constrict         ||     6
 Stab: Sleeping          ||     1
Dodge: Dodged            ||    15
